 Dungeon Crawl Stone Soup version 0.26-a0-1139-g7d2dc893a1 (webtiles) character file.

Game seed: 14736802620682739091

12 Dracia the Magician (level 2, 0/19 HPs)
             Began as a Demonspawn Hedge Wizard on Dec 22, 2020.
             Slain by a goblin
             ... wielding a +2 dagger of protection
              (2 damage)
             ... on level 1 of the Dungeon.
             The game lasted 00:00:52 (644 turns).

Dracia the Magician (Demonspawn Hedge Wizard)        Turns: 644, Time: 00:00:53

Health: 0/19       AC:  2    Str: 10    XL:     2   Next: 20%
Magic:  0/6        EV: 12    Int: 15    God:
Gold:   29         SH:  0    Dex: 12    Spells: 6/7 levels left

rFire    . . .     SeeInvis .   a - +0 dagger
rCold    . . .     Faith    .   (no shield)
rNeg     . . .     Spirit   .   b - +0 robe
rPois    .         Reflect  .   c - +0 hat
rElec    .         Harm     .   (no cloak)
rCorr    .         Rampage  .   (no gloves)
Will     .....                  (no boots)
Stlth    ++........             (no amulet)
HPRegen  0.06/turn              (no ring)
MPRegen  0.10/turn              (no ring)

@: no status effects
A: miasma immunity
a: no special abilities


You were on level 1 of the Dungeon.
You visited 1 branch of the dungeon, and saw 1 of its levels.

You collected 29 gold pieces.


Innate Abilities, Weirdness & Mutations

You are immune to miasma.


   Skills:
 + Level 0.6 Armour
 + Level 2.0 Dodging
 - Level 1.7 Stealth
 - Level 3.0 Spellcasting
 * Level 1.7 Conjurations
 - Level 1.0 Summonings
 - Level 0.8 Translocations


You had 6 spell levels left.
You knew the following spells:

 Your Spells              Type           Power        Failure   Level
z - Magic Dart            Conj           28%          10%         1

Your spell library contained the following spells:

 Spells                   Type           Power        Failure   Level
 Call Imp                 Summ           5%           21%         2
 Blink                    Tloc           N/A          22%         2
 Slow                     Hex            2%           30%         2
 Conjure Flame            Conj/Fire      4%           38%         3
 Mephitic Cloud           Conj/Pois/Air  4%           43%         3

Inventory:

Hand Weapons
 a - a +0 dagger (weapon)
Armour
 b - a +0 robe (worn)
 c - a +0 hat (worn)
Scrolls
 d - a scroll of blinking {unknown}
Potions
 e - a potion of heal wounds {unknown}
 f - a potion of attraction {unknown}

Dungeon Overview and Level Annotations

Branches:
Dungeon (1/15)

Altars:

8.<.8..##
..8...## #..
####### #..
#..
#########
#8"
........#
..########
.######.###
.........
..........#
#.##.g......
#######.#†#
#.##@# #
#.#.# #.##.#
# #.#.#
#.##.# #
#.#.# #.##.#
# #.#.#
#.##.# #
#.#.# #.##.#
#.#.###.##.#
#...)†.....#
###.....####


You could see a goblin.


Message History

* * * LOW HITPOINT WARNING * * *
Casting: Magic Dart (safe; 10% risk of failure)
Confirm with . or Enter, or press ? or * to list all spells.
Aiming: Magic Dart (safe; 10% risk of failure)
Press: ? - help, Shift-Dir - straight line, f/p - goblin
Aim: a goblin, wielding a +2 dagger of protection (heavily wounded, 0% to evade)
The magic dart hits the goblin but does no damage.
The goblin is heavily wounded.
The goblin hits you but does no damage.
You barely miss the goblin.
The goblin is heavily wounded.
The goblin barely misses you.
You hit the goblin but do no damage.
The goblin is heavily wounded.
The goblin hits you with a +2 dagger of protection.
* * * LOW HITPOINT WARNING * * *
You hit the goblin but do no damage.
The goblin is heavily wounded.
The goblin hits you with a +2 dagger of protection.
* * * LOW HITPOINT WARNING * * *
You miss the goblin.
The goblin is heavily wounded.
The goblin closely misses you.
You barely miss the goblin.
The goblin is heavily wounded.
The goblin misses you.
You hit the goblin but do no damage.
The goblin is heavily wounded.
The goblin hits you with a +2 dagger of protection.
You die...

Skill      XL: |  1 |
---------------+----+-----
Dodging        | 2 |  2.0
Armour         | |  0.6
Stealth        | |  1.7
Spellcasting   | |  3.0
Conjurations   | |  1.7
Summonings     | |  1.0
Translocations | |  0.8

Action                   || total
-------------------------++-------
Melee: Dagger            ||    26
 Cast: Magic Dart        ||    27
Armor: Robe              ||     5
Dodge: Dodged            ||    19

Levels and vault maps discovered:
D:1:      erik_arrival_orb_chamber, layout_loops_ring,
          chequers_decorated_corner, minivault_26, doesnt_xom_only_xom

Notes
Turn   | Place    | Note
-------+----------+-------------------------------------------
     0 | D:1      | Dracia the Demonspawn Hedge Wizard began the quest for the
                  | Orb.
     0 | D:1      | Reached XP level 1. HP: 13/13 MP: 4/4
   442 | D:1      | Reached skill level 2 in Dodging
   442 | D:1      | Gained mutation: You are immune to miasma. [demonic
                  | ancestry]
   442 | D:1      | Reached XP level 2. HP: 12/19 MP: 0/6
   644 | D:1      | Slain by a goblin

Vanquished Creatures
  A dart slug (D:1)
  2 giant cockroaches (D:1)
  A goblin (D:1)
  A hobgoblin (D:1)
  2 jackals (D:1)
  2 rats (D:1)
9 creatures vanquished.

Table legend: (Time is in decaauts)
 A = Elapsed time spent in this place.
 B = Non-inter-level travel time spent in this place.
 C = Inter-level travel time spent in this place.
 D = Time resting spent in this place.
 E = Time spent auto-exploring this place.
 F = Levels seen in this place.
 G = Mean time per level.
                   A        B        C        D        E       F      G
               +--------+--------+--------+--------+--------+-----+--------+
         Total |    644 |    644 |      0 |    244 |    311 |   1 |  644.0 |
       Dungeon |    644 |    644 |      0 |    244 |    311 |   1 |  644.0 |
               +--------+--------+--------+--------+--------+-----+--------+

Top non-repeatable levels by time:
     D:1: 644 daAuts

Table legend:
 A = Non-vault XP
 B = Vault XP
 C = Vault XP percentage of total XP
 D = Non-vault monster count
 E = Vault monster count
 F = Vault count percentage of total count
                 A         B        C        D         E       F
            +---------+---------+-------+---------+---------+-------
      Total |      18 |       0 |   0.0 |       9 |       0 |   0.0
            +---------+---------+-------+---------+---------+-------
        D:1 |      18 |       0 |   0.0 |       9 |       0 |   0.0
            +---------+---------+-------+---------+---------+-------
